 Dungeon Sprint DCSS version 0.28.0-45-g0d030f2227 (webtiles) character file.

Game seed: 4286661186350540547

5900000 Groucho the Intangible (level 22, -6/148 HPs)
             Began as a Spriggan Abyssal Knight on Apr 4, 2022.
             Was the Champion of Makhleb.
             Mangled by The Servant
             ... wielding a +9 glaive of flaming
              (108 damage)
             ... in the Dungeon (Sprint VIII: "Arena of Blood").
             The game lasted 00:04:50 (59 turns).

Groucho the Intangible (Spriggan Abyssal Knight)      Turns: 59, Time: 00:04:50

Health: -6/148     AC:  4    Str:  9    XL:     22   Next: 9%
Magic:  25/54      EV: 49    Int: 13    God:    Makhleb [******]
Gold:   0          SH:  0    Dex: 25    Spells: 75/75 levels left

rFire   . . .      SeeInvis +   h - +∞ Axe of Woe
rCold   . . .      Faith    .   (shield currently unavailable)
rNeg    . . .      Spirit   .   a - +0 robe
rPois   .          Reflect  .   (helmet restricted)
rElec   .          Harm     .   (no cloak)
rCorr   .          Rampage  .   (gloves unavailable)
Will    +++..      NoTele   +   (boots unavailable)
Stlth   ++........              (no amulet)
HPRegen 0.34/turn               i - +30 ring of slaying
MPRegen 0.34/turn               (no ring)

@: very quick
A: very small, no large weapons, unfitting armour, see invisible, speed 3
a: Renounce Religion, Minor Destruction, Lesser Servant of Makhleb, Major
Destruction, Greater Servant of Makhleb


You were in the Dungeon.
You worshipped Makhleb.
Makhleb was exalted by your worship.
You visited 1 branch

Inventory:

Hand Weapons
 h - the +∞ Axe of Woe (weapon)
   (You found it in the Dungeon)
Armour
 a - a +0 robe (worn)
Jewellery
 i - a +30 ring of slaying (left hand)
 j - a +200 ring of slaying
 k - a +250 ring of slaying
Scrolls
 g - a scroll of blinking
Potions
 b - a potion of curing
 c - a potion of heal wounds
 d - a potion of haste
 e - 2 potions of magic
 f - a potion of berserk rage


   Skills:
 O Level 27 Fighting
 O Level 27 Axes
 + Level 25.3(27) Maces & Flails
 + Level 25.3(27) Polearms
 O Level 27 Armour
 O Level 27 Dodging
 O Level 27 Unarmed Combat
 O Level 27 Spellcasting
 O Level 27 Invocations


You had 75 spell levels left.
You didn't know any spells.
Your spell library was empty.

Dungeon Overview and Level Annotations

Branches:
Dungeon (1/1)

Altars:
Makhleb

Annotations:
D The Servant


Innate Abilities, Weirdness & Mutations

You are very small and have problems with some larger weapons.
You are too small for most types of armour.
You have supernaturally acute eyesight. (SInv)
You cover ground extremely quickly. (Speed+++)


Message History

You hear a shout! x3
A sculptor of flesh comes into view. It is wielding a +9 great sword.
You hear a shout!
A bag of meat comes into view. It is wielding a +9 war axe. x2
You hear a shout! x3
A destroyer comes into view. It is wielding a +9 vorpal great sword.
A bag of meat comes into view. It is wielding a +9 war axe.
You hear a shout!
Your base Maces & Flails skill increases to level 25!
Your base Polearms skill increases to level 25!
You have reached level 22!
You hear a shout! x4
A bag of meat comes into view. It is wielding a +9 war axe.
You hear a shout! x2
A bag of meat comes into view. It is wielding a +9 war axe.
A sculptor of flesh comes into view. It is wielding a +9 great sword.
You hear a shout!
Items here: )))))) ====== †††.
j - a +200 ring of slaying;
k - a +250 ring of slaying You hear a shout! x4
The meat berserker is engulfed in blazing flames.
You hear a shout!
A bag of meat comes into view. It is wielding a +9 war axe.
You hear a shout!
A meat berserker comes into view. It is wielding a +9 battleaxe.
An accursed, a bag of meat and a tyrant come into view.
The tyrant shouts!
You hear a shout!
The meat berserker rages.
You hear a shout!
A meat berserker comes into view. It is wielding a +9 battleaxe.
You hear a shout! x2
A meat berserker comes into view. It is wielding a +9 battleaxe.
You hear a shout!
There is a staircase leading out of the dungeon here.
The meat berserker is engulfed in blazing flames.
You hear a shout! x5
The Servant is engulfed in blazing flames.
The Servant hits you with a +9 glaive of flaming!!!!
Ouch! That really hurt!
You die...

.... ..o.oo.....
....O...z
#....°Vo# . #.o.
.Oo# .. ..###.o.
.☼o###...
.......###O☼..o...
.......o°§@.o.o...
...#o§)@O#.o...
#_)<○_#


.OV #oz)..# o o...._....L. .o.O..###...O.M ..###... ...###. . #.O. ...# #...
...# ..... .. You could see The Servant, a destroyer, 2 sculptors of flesh, a
large bag of meat (inner flame), 3 meat berserkers and 10 bags of meat.

Vanquished Creatures
  7 vampire knights (D)
  14 ogres (D)
  3 two-headed ogres (D)
  33 orcs (D)
  3 skeletal warriors (D)
60 creatures vanquished.

Notes
Turn   | Place    | Note
-------+----------+-------------------------------------------
     0 | D        | Found the +∞ Axe of Woe
     0 | D        | Groucho the Spriggan Abyssal Knight began the quest for the
                  | Orb.
     0 | D        | Reached XP level 1. HP: 11/11 MP: 3/3
     4 | D        | Fell from the grace of Lugonu
     4 | D        | Became a worshipper of Makhleb the Destroyer
     4 | D        | Noticed a meat berserker
     5 | D        | Noticed a bag of meat
     5 | D        | Noticed a meat berserker
     6 | D        | Noticed a bag of meat
     6 | D        | Noticed a bag of meat
     6 | D        | Noticed a bag of meat
     6 | D        | Noticed a bag of meat
     6 | D        | Noticed a bag of meat
     6 | D        | Noticed a meat berserker
     8 | D        | Noticed a bag of meat
     8 | D        | Noticed a bag of meat
     9 | D        | Killed a meat berserker
     9 | D        | Noticed a bag of meat
    10 | D        | Reached XP level 2. HP: 16/16 MP: 4/4
    10 | D        | Reached XP level 3. HP: 19/19 MP: 5/5
    10 | D        | Reached XP level 4. HP: 23/23 MP: 6/6
    10 | D        | Reached XP level 5. HP: 27/27 MP: 7/7
    10 | D        | Reached XP level 6. HP: 32/32 MP: 8/8
    10 | D        | Reached XP level 7. HP: 35/35 MP: 9/9
    10 | D        | Reached XP level 8. HP: 39/39 MP: 10/10
    10 | D        | Reached XP level 9. HP: 43/43 MP: 11/11
    10 | D        | Reached XP level 10. HP: 47/47 MP: 12/12
    10 | D        | Reached XP level 11. HP: 51/51 MP: 13/13
    10 | D        | Killed a meat berserker
    10 | D        | Reached * piety under Makhleb
    10 | D        | Noticed a meat berserker
    11 | D        | Reached skill level 27 in Dodging
    11 | D        | Reached XP level 12. HP: 56/56 MP: 14/14
    11 | D        | Reached XP level 13. HP: 59/59 MP: 15/15
    11 | D        | Killed a bag of meat
    11 | D        | Noticed a meat berserker
    12 | D        | Noticed a meat berserker
    13 | D        | Killed a bag of meat
    13 | D        | Killed a bag of meat
    13 | D        | Reached ** piety under Makhleb
    13 | D        | Noticed a bag of meat
    14 | D        | Reached skill level 10 in Fighting
    14 | D        | Reached XP level 14. HP: 77/77 MP: 16/16
    14 | D        | Killed a meat berserker
    14 | D        | Noticed a bag of meat
    15 | D        | Killed a meat berserker
    15 | D        | Killed a bag of meat
    15 | D        | Reached *** piety under Makhleb
    15 | D        | Noticed a bag of meat
    16 | D        | Reached skill level 27 in Axes
    16 | D        | Reached XP level 15. HP: 98/98 MP: 17/17
    16 | D        | Killed a meat berserker
    18 | D        | Reached **** piety under Makhleb
    19 | D        | Reached XP level 16. HP: 114/114 MP: 18/18
    20 | D        | Killed a meat berserker
    21 | D        | Reached skill level 27 in Fighting
    21 | D        | Reached skill level 10 in Invocations
    22 | D        | Noticed a meat berserker
    23 | D        | Reached skill level 10 in Unarmed Combat
    24 | D        | Reached ***** piety under Makhleb
    27 | D        | Reached skill level 15 in Unarmed Combat
    27 | D        | Reached XP level 17. HP: 121/121 MP: 18/30
    27 | D        | Noticed a destroyer
    28 | D        | Killed a meat berserker
    28 | D        | Noticed a destroyer
    28 | D        | Noticed a large bag of meat
    29 | D        | Noticed The Servant
    30 | D        | Noticed a destroyer
    31 | D        | Killed a destroyer
    31 | D        | Noticed a destroyer
    31 | D        | Noticed a destroyer
    33 | D        | Noticed a meat berserker
    33 | D        | Noticed a meat berserker
    34 | D        | Noticed a sculptor of flesh
    34 | D        | Noticed a meat berserker
    34 | D        | Noticed a destroyer
    35 | D        | Noticed a large bag of meat
    36 | D        | Killed a destroyer
    36 | D        | Killed a large bag of meat
    36 | D        | Reached ****** piety under Makhleb
    36 | D        | Noticed a destroyer
    37 | D        | Reached skill level 27 in Invocations
    37 | D        | Reached XP level 18. HP: 95/127 MP: 20/36
    37 | D        | Noticed a meat berserker
    37 | D        | Killed a destroyer
    38 | D        | Reached skill level 27 in Unarmed Combat
    38 | D        | Reached skill level 5 in Armour
    38 | D        | Killed a meat berserker
    38 | D        | Killed a meat berserker
    39 | D        | Reached XP level 19. HP: 132/132 MP: 20/45
    39 | D        | Noticed a meat berserker
    40 | D        | Reached skill level 15 in Armour
    40 | D        | Killed a meat berserker
    41 | D        | Noticed an eight-headed meat hydra
    41 | D        | Noticed a large bag of meat
    42 | D        | Killed a destroyer
    42 | D        | Killed a meat berserker
    43 | D        | Reached skill level 27 in Spellcasting
    43 | D        | Reached XP level 20. HP: 70/137 MP: 21/52
    44 | D        | Reached skill level 27 in Armour
    44 | D        | Killed a large bag of meat
    45 | D        | Reached skill level 10 in Maces & Flails
    45 | D        | Reached skill level 10 in Polearms
    45 | D        | Killed a destroyer
    45 | D        | Noticed a meat berserker
    45 | D        | Noticed a large bag of meat
    45 | D        | Noticed a meat berserker
    46 | D        | Reached skill level 15 in Maces & Flails
    46 | D        | Reached skill level 15 in Polearms
    48 | D        | Noticed a meat berserker
    49 | D        | Reached XP level 21. HP: 138/142 MP: 22/53
    52 | D        | Killed a destroyer
    53 | D        | Killed a destroyer
    53 | D        | Noticed a destroyer
    55 | D        | Killed a large bag of meat
    55 | D        | Noticed a destroyer
    56 | D        | Reached XP level 22. HP: 101/148 MP: 24/54
    58 | D        | Noticed an accursed
    58 | D        | Noticed a tyrant
    59 | D        | Mangled by The Servant

Illustrated notes

Levels and vault maps discovered:
D:        meatsprint

Skill      XL: |  1  2  3  4  5  6  7  8  9 10 11 12 13 14 15 16 17 18 19 20 21 |
---------------+----------------------------------------------------------------+-----
Axes           | 17 22 25 27 | 27.0
Dodging        | 26 27 | 27.0
Fighting       | 10 19 25 27 | 27.0
Unarmed Combat | 15 25 27 | 27.0
Invocations    | 17 27 | 27.0
Armour         | 14 25 27 | 27.0
Spellcasting   | 21 27 | 27.0
Maces & Flails | 16 25 | 25.3
Polearms       | 16 25 | 25.3

Action                   |  1- 3 |  4- 6 |  7- 9 | 10-12 | 13-15 | 16-18 | 19-21 | 22-24 || total
-------------------------+-------+-------+-------+-------+-------+-------+-------+-------++-------
Melee: Broad axe         |     1 |       |       |     1 |     6 |    11 |    17 |       ||    36
